 Dungeon Crawl Stone Soup version 0.21.1-1-g345015fe64 (webtiles) character file.

108 KleinerIrrer the Chopper (level 4, -2/39 HPs)
             Began as a Naga Gladiator on Apr 15, 2018.
             Killed by nerve-wracking pain
             ... invoked by Grinder
              (8 damage)
             ... on level 3 of the Dungeon.
             The game lasted 00:00:35 (2209 turns).

KleinerIrrer the Chopper (Naga Gladiator)           Turns: 2209, Time: 00:00:35

Health: -2/39      AC:  6    Str: 18    XL:     4   Next: 87%
Magic:  4/4        EV:  6    Int:  8    God:
Gold:   108        SH:  0    Dex: 12    Spells: 3/3 levels left

rFire    . . .     SeeInvis +   Y - +0 war axe
rCold    . . .     Gourm    .   (no shield)
rNeg     . . .     Faith    .   d - +0 chain mail {MR+}
rPois    +         Spirit   .   c - +0 helmet
rElec    .         Reflect  .   (no cloak)
rCorr    .         Harm     .   (no gloves)
MR       +....                  (no barding)
Stlth    ..........             (no amulet)
HPRegen  0.13/turn              (no ring)
MPRegen  0.09/turn              (no ring)

@: very slow
A: large, see invisible, deformed body, poison resistance, slowness 2, slow
metabolism 1, spit poison 1, AC +1
a: Spit Poison


You were on level 3 of the Dungeon.
You were not hungry.

You visited 1 branch of the dungeon, and saw 3 of its levels.

You collected 108 gold pieces.


Innate Abilities, Weirdness & Mutations

You cannot wear boots.
Your serpentine skin is tough. (AC +1)
You have supernaturally acute eyesight. (SInv)
Armour fits poorly on your strangely shaped body.
Your system is resistant to poisons. (rPois)
You cover ground very slowly.
You have a slow metabolism.
You can spit poison.


   Skills:
 - Level 2.0 Fighting
 + Level 4.9 Axes
 - Level 1.7 Throwing
 - Level 1.6 Armour
 - Level 2.4 Dodging


You had 3 spell levels left.
You didn't know any spells.

Inventory:

Hand Weapons
 b - a +0 flail
 Y - a +0 war axe (weapon)
Missiles
 h - 7 javelins (quivered)
 q - 6 poisoned javelins
Armour
 c - a +0 helmet (worn)
 d - a +0 chain mail of magic resistance (worn)
 e - a +0 plate armour
Wands
 a - a wand of iceblast (7)
Scrolls
 i - a scroll of identify
Potions
 l - a potion of cancellation {unknown}
 m - a potion of mutation {unknown}
 p - 3 potions of haste
 r - a potion of agility {unknown}
Comestibles
 f - 5 rations
 g - 2 chunks of flesh

Dungeon Overview and Level Annotations

Branches:
Dungeon (3/15)

Altars:

Annotations:
D:3 Grinder


Message History

Grinder is heavily wounded.
Grinder says, "I used to sell toenails on the black market."
Grinder barely misses you.
Grinder says, "At least Makhleb appreciates what I'm doing."
Grinder gestures at you. You resist with some effort.
You closely miss Grinder.
Grinder is heavily wounded.
Grinder barely misses you.
You hit Grinder.
Grinder is severely wounded.
Grinder hits you!
You barely miss Grinder.
Grinder is severely wounded.
Grinder hits you!
You hit Grinder.
Grinder is severely wounded.
Grinder gestures at you. Pain shoots through your body!
You die...

..# ##..# .#..# ##. ##
.##.## .... #.. ..#..#
..... #..# ##..#..#
.....
#..##..##..#######....
#...$5.#..............
#...@##...........###
.)#....#............#
.....................#
####....#............#
#....#............#
#....#............#
#....+............#
####....#............#
#......##............#


You could see Grinder.

Vanquished Creatures
  Ijyb (D:2)
  Terence (D:2)
  A worm (D:2)
  A dart slug (D:1)
  3 leopard geckos (D:1)
  4 giant cockroaches
  12 goblins
  4 hobgoblins
  2 jackals (D:1)
  A quokka (D:2)
  6 bats
  3 frilled lizards
  5 kobolds
  5 rats
49 creatures vanquished.

Notes
Turn   | Place    | Note
-------+----------+-------------------------------------------
     0 | D:1      | KleinerIrrer the Naga Gladiator began the quest for the Orb.
     0 | D:1      | Reached XP level 1. HP: 19/19 MP: 1/1
     0 | D:1      | 0 ||| counter = 79
   234 | D:1      | 234 ||| INVOKING Spit Poison.
   274 | D:1      | 274 ||| INVOKING Spit Poison.
   288 | D:1      | 288 ||| INVOKING Spit Poison.
   314 | D:1      | 314 ||| INVOKING Spit Poison.
   318 | D:1      | Reached XP level 2. HP: 25/26 MP: 2/2
   338 | D:1      | 338 ||| INVOKING Spit Poison.
   349 | D:1      | 349 ||| INVOKING Spit Poison.
   350 | D:1      | 350 ||| INVOKING Spit Poison.
   517 | D:1      | 517 ||| INVOKING Spit Poison.
   584 | D:1      | 584 ||| INVOKING Spit Poison.
   679 | D:1      | 679 ||| INVOKING Spit Poison.
   830 | D:1      | 830 ||| INVOKING Spit Poison.
   830 | D:1      | Reached skill level 4 in Axes
   898 | D:1      | 898 ||| INVOKING Spit Poison.
   945 | D:1      | 945 ||| INVOKING Spit Poison.
   946 | D:1      | 946 ||| INVOKING Spit Poison.
   947 | D:1      | Reached XP level 3. HP: 32/32 MP: 3/3
   961 | D:1      | 961 ||| INVOKING Spit Poison.
   977 | D:1      | 977 ||| INVOKING Spit Poison.
   979 | D:1      | 979 ||| INVOKING Spit Poison.
   983 | D:1      | 983 ||| INVOKING Spit Poison.
   994 | D:1      | 994 ||| INVOKING Spit Poison.
  1197 | D:1      | 1197 ||| UPGRADING to ring mail.
  1207 | D:1      | 1207 ||| DROPPING +0 leather armour.
  1208 | D:1      | 1208 ||| UPGRADING to chain mail.
  1218 | D:1      | 1218 ||| DROPPING +0 ring mail.
  1219 | D:1      | 1219 ||| READING scroll labeled CATUZA YXUMI.
  1220 | D:1      | 1220 ||| READING 2 scrolls labeled SIFUDGH OGHITZI.
  1221 | D:1      | 1221 ||| READING scroll of identify.
  1221 | D:1      | 1221 ||| IDENTIFYING shiny iron ring
  1222 | D:1      | 1222 ||| DROPPING ring of stealth.
  1223 | D:1      | 1223 ||| DROPPING 3 throwing nets.
  1244 | D:2      | 1244 ||| INVOKING Spit Poison.
  1312 | D:2      | 1312 ||| INVOKING Spit Poison.
  1313 | D:2      | 1313 ||| INVOKING Spit Poison.
  1334 | D:2      | Noticed Ijyb
  1359 | D:2      | Killed Ijyb
  1359 | D:2      | Reached skill level 1 in Armour
  1359 | D:2      | Reached XP level 4. HP: 22/39 MP: 4/4
  1507 | D:2      | 1507 ||| DROPPING club.
  1574 | D:2      | 1574 ||| INVOKING Spit Poison.
  1580 | D:2      | 1580 ||| INVOKING Spit Poison.
  1628 | D:2      | 1628 ||| INVOKING Spit Poison.
  1632 | D:2      | Noticed Terence
  1633 | D:2      | 1633 ||| INVOKING Spit Poison.
  1644 | D:2      | Killed Terence
  1755 | D:2      | 1755 ||| DROPPING whip.
  1781 | D:2      | 1781 ||| INVOKING Spit Poison.
  2075 | D:2      | 2075 ||| UPGRADING to runed chain mail.
  2085 | D:2      | 2085 ||| DROPPING +0 chain mail.
  2086 | D:2      | 2086 ||| READING scroll labeled ESTROAX DUNATEGROT.
  2087 | D:2      | 2087 ||| READING 2 scrolls of identify.
  2087 | D:2      | 2087 ||| IDENTIFYING white potion
  2088 | D:2      | 2088 ||| DROPPING potion of brilliance.
  2152 | D:3      | 2152 ||| INVOKING Spit Poison.
  2153 | D:3      | 2153 ||| INVOKING Spit Poison.
  2167 | D:3      | 2167 ||| INVOKING Spit Poison.
  2199 | D:3      | Noticed Grinder
  2208 | D:3      | HP: 6/39 [Grinder (7)]
  2209 | D:3      | Killed from afar by Grinder

Vault maps used:
D:1:      mrwooster_arrival_statue_2, minmay_pentomino_s2
D:2:      kennysheep_the_goblin_king, uniq_terence
D:3:      lemuel_crystal_altar, minmay_misc_feat_iff, uniq_grinder

Skill      XL: |  1  2  3 |
---------------+----------+-----
Axes           | 4 |  4.9
Armour         | 1 |  1.6
Fighting       | |  2.0
Throwing       | |  1.7
Dodging        | |  2.4

Action                   |  1- 3 |  4- 6 || total
-------------------------+-------+-------++-------
Melee: War axe           |    64 |    25 ||    89
Throw: Javelin           |     7 |     7 ||    14
 Abil: Spit Poison       |    18 |     6 ||    24
  Use: Scroll            |     3 |     2 ||     5
  Eat: Chunk             |     1 |     3 ||     4
Armor: Leather armour    |     6 |       ||     6
       Chain mail        |    25 |    10 ||    35
Dodge: Dodged            |    40 |     8 ||    48

Table legend:
 A = Spawn XP
 B = Non-spawn XP
 C = Spawn XP percentage of total XP
 D = Spawn monster count
 E = Non-spawn monster count
 F = Spawn count percentage of total count
 G = Total turns spent on level
                    A         B        C        D         E        F      G
               +---------+---------+-------+---------+---------+-------+---------
         Total |       0 |     155 |   0.0 |       0 |      49 |   0.0 |  2209
               +---------+---------+-------+---------+---------+-------+---------
           D:1 |       0 |      52 |   0.0 |       0 |      28 |   0.0 |  1243
           D:2 |       0 |      98 |   0.0 |       0 |      18 |   0.0 |   886
           D:3 |       0 |       5 |   0.0 |       0 |       3 |   0.0 |    80
               +---------+---------+-------+---------+---------+-------+---------
